 Dungeon Crawl Stone Soup version 5.7-8-g3a8b389 (webtiles) character file.

31 Psymania the Slasher (level 4, -6/37 HPs)
             Began as a Gnoll Wanderer on Jan 25, 2020.
             Was a Follower of Qazlal.
             Killed by divine providence
             ... invoked by an orc priest
              (14 damage)
             ... on level 3 of the Dungeon.
             The game lasted 00:12:51 (2130 turns).

Psymania the Slasher (Gnoll Wanderer)               Turns: 2130, Time: 00:12:54

Health: -6/37      AC:  5 (24%)Str: 11  XL:     4   Next: 9%
Magic:  0/6        EV: 11    Int: 12    God:    Qazlal [1*[35]]
Gold:   100        SH:  4    Dex: 14    Spells: 4/7 levels left

rFire    . . .     SeeInvis .   a - +0 hand axe
rCold    . . .     Faith    +   (no shield)
rNeg     . . .     Spirit   .   d - +0 ring mail
rPois    .         Reflect  .   (no helmet)
rElec    .                      (no cloak)
rCorr    .                      (no gloves)
MR       .....                  (no boots)
Stlth    ++........             f - amulet of faith
Regen    0.2/turn               (no ring)
MPRegen  0.2/turn               (no ring)

@: very slightly contaminated
A: no striking features
a: Renounce Religion


You were on level 3 of the Dungeon.
You worshipped Qazlal.
Qazlal was aware of your devotion.
You were not hungry.

You visited 1 branch of the dungeon, and saw 3 of its levels.

You collected 100 gold pieces.

Inventory:

Hand Weapons
 a - a +0 hand axe (weapon)
 s - a +2 dagger of freezing
Armour
 c - a +0 chain mail
 d - a +0 ring mail (worn)
 e - a +0 robe
Jewellery
 f - an amulet of faith (around neck)
Scrolls
 b - 2 scrolls of amnesia
Potions
 g - a potion of flight


   Skills:
 + Level 4.0 Fighting
 + Level 8.3 Blades
 + Level 2.5 Axes
 + Level 2.5 Maces & Staves
 + Level 2.5 Polearms
 + Level 2.5 Bows & Xbows
 + Level 4.0 Throwing
 + Level 2.5 Armour
 + Level 2.5 Dodging
 + Level 3.8 Stealth
 + Level 2.5 Shields
 + Level 2.5 Unarmed Combat
 + Level 2.5 Hexes
 + Level 2.5 Charms
 + Level 2.5 Summonings
 + Level 2.5 Necromancy
 + Level 2.5 Translocations
 + Level 2.5 Transmutations
 + Level 2.5 Fire Magic
 + Level 2.5 Ice Magic
 + Level 2.5 Air Magic
 + Level 6.9 Earth Magic
 + Level 2.5 Invocations
 + Level 2.5 Evocations


You had 4 spell levels left.
You knew the following spells:

 Your Spells              Type           Power        Failure   Level  Hunger
a - Sandblast             Erth           16 (25)      4%          1    N/A
b - Passwall              Tmut/Erth      11 (200)     17%         2    N/A

Your spell library contained the following spells:

 Spells                   Type           Power        Failure   Level  Hunger
 Lee's Rapid Deconstruct  Erth           16 (200)     78%         5    N/A
 Petrify                  Tmut/Erth      11 (100)     75%         4    N/A
 Force Lance              Tloc/Erth      11 (100)     34%         3    N/A

Dungeon Overview and Level Annotations

Branches:
Dungeon (3/15)

Altars:
Elyvilon
Jiyva
Qazlal
Uskayaw

Annotations:
D:3 Jessica


Message History

Confirm with . or Enter, or press ? or * to list all spells.
Okay, then.
Unknown command.
Unknown command.
You hit the orc (1).
The orc is severely wounded.
You hit the bat but do no damage. The bat closely misses you.
You block the orc's attack. The bat hits you (1).
* * * LOW HITPOINT WARNING * * *
The orc barely misses you.
Casting: Passwall (safe; 17% risk of failure)
Confirm with . or Enter, or press ? or * to list all spells.
Which direction?
The bat hits you but does no damage. The orc hits you but does no damage.
You begin to meditate on the wall.
You continue meditating on the rock.
The bat hits you but does no damage. The bat barely misses you.
The orc hits you but does no damage.
The orc priest mumbles some strange prayers to Beogh against you.
Beogh smites you (14)!
You die...

....... .......
....... ###
......h ..#
.....oh #.#
....... ###o###
....so.#####ob@..#
#..os.o###.#
#....@.# #
#......#
#..........
#.......###
#.......#
#.......#
##.#.####


You could see a scorpion, an orc priest, Jessica, 3 orcs and a bat.

Vanquished Creatures
  An adder (D:2)
  2 dart slugs (D:1)
  4 quokkas
  2 giant cockroaches
  5 goblins
  6 hobgoblins
  5 jackals
  A ball python (D:2)
  5 bats
  3 frilled lizards
  5 kobolds
  3 rats
42 creatures vanquished.

Notes
Turn   | Place    | Note
-------+----------+-------------------------------------------
     0 | D:1      | Psymania the Gnoll Wanderer began the quest for the Orb.
     0 | D:1      | Psymania set off with: a potion of lignification, a +0 rapier, a +0 robe
     0 | D:1      | Reached XP level 1. HP: 17/17 MP: 2/2
     8 | D:1      | Learned a level 1 spell: Sandblast
   180 | D:1      | Reached XP level 2. HP: 14/23 MP: 1/3
   756 | D:1      | Reached XP level 3. HP: 29/29 MP: 3/5
  1097 | D:1      | Learned a level 2 spell: Passwall
  1106 | D:2      | Noticed a hand axe
  1108 | D:2      | Noticed a dagger
  1135 | D:2      | Found a hide-covered altar of Uskayaw.
  1770 | D:2      | Reached XP level 4. HP: 32/37 MP: 6/6
  1834 | D:2      | Found a white marble altar of Elyvilon.
  1911 | D:2      | Found a viscous altar of Jiyva.
  2068 | D:2      | Found a faded altar of an unknown god.
  2075 | D:2      | Became a worshipper of Qazlal Stormbringer
  2075 | D:2      | Reached * piety under Qazlal
  2110 | D:3      | Noticed Jessica
  2130 | D:3      | Killed from afar by an orc priest

Action                   |  1- 3 |  4- 6 || total
-------------------------+-------+-------++-------
Melee: Rapier            |    45 |       ||    45
       Dagger            |     2 |     1 ||     3
       Hand axe          |    48 |    21 ||    69
       Punch             |     1 |     1 ||     2
 Cast: Sandblast         |    11 |       ||    11
       Passwall          |       |     3 ||     3
  Use: Potion            |     2 |       ||     2
 Stab: Sleeping          |     4 |     1 ||     5
Armor: Skin              |     4 |       ||     4
       Robe              |     2 |       ||     2
       Ring mail         |    30 |    15 ||    45
Dodge: Dodged            |    59 |    14 ||    73
Block: Other             |       |     1 ||     1
